 Dungeon Crawl Stone Soup version 0.20.1-1-g8b1a95d (webtiles) character file.

1724 vatarom the Agent of Entropy (level 8, -2/63 HPs)
             Began as a Demonspawn Abyssal Knight on Sept 26, 2017.
             Was a Priest of Lugonu.
             Slain by Pikel
             ... wielding a +2 whip of electrocution
              (9 damage)
             ... on level 6 of the Dungeon.
             The game lasted 00:15:44 (6856 turns).

vatarom the Agent of Entropy (DsAK)                 Turns: 6856, Time: 00:15:45

Health: -2/63      AC:  9    Str: 11    XL:     8   Next: 75%
Magic:  22/22      EV: 13    Int: 10    God:    Lugonu [***...]
Gold:   432        SH:  0    Dex: 14    Spells: 7/7 levels left

rFire    + + +     SeeInvis .   i - +0 great sword
rCold    + + +     Gourm    .   (shield currently unavailable)
rNeg     . . .     Faith    .   q - +2 ring mail of Masochism {rF+++ rC+++ Str-3 Int-3}
rPois    +         Spirit   .   (no helmet)
rElec    .         Reflect  .   (no cloak)
rCorr    .         Harm     .   g - +0 pair of gloves
MR       .....                  v - +0 pair of boots
Stlth    +.........             (no amulet)
Regen    0.2/turn               k - ring of poison resistance
MPRegen  0.2/turn               m - ring of magical power

@: very slightly contaminated
A: hooves 1, demonic guardian 1, powered by pain 2
a: Depart the Abyss, Bend Space, Banish, Renounce Religion


You were on level 6 of the Dungeon.
You worshipped Lugonu.
Lugonu was most pleased with you.
You were not hungry.

You visited 2 branches of the dungeon, and saw 8 of its levels.
You visited the Abyss 1 time.

You collected 471 gold pieces.
You spent 39 gold pieces at shops.

Inventory:

Hand Weapons
 a - a +2 falchion
 i - a +0 great sword (weapon)
Armour
 g - a +0 pair of gloves (worn)
 q - the +2 ring mail of Masochism (worn) {rF+++ rC+++ Str-3 Int-3}
   (You found it on level 6 of the Dungeon)

   It affects your strength (-3).
   It affects your intelligence (-3).
   It renders you almost immune to fire.
   It renders you almost immune to cold.
 v - a +0 pair of boots (worn)
Jewellery
 k - a ring of poison resistance (left hand)
 m - a ring of magical power (right hand)
Scrolls
 l - 4 scrolls of teleportation
 n - a scroll of blinking
 o - a scroll of fear
 p - a scroll of fog
 r - 2 scrolls of remove curse
 t - 2 scrolls of amnesia
 u - a scroll of identify
Potions
 e - a potion of might
 h - a potion of brilliance
 j - 6 potions of curing
 s - a potion of mutation
 w - a potion of heal wounds
 A - a potion of haste
Books
 x - a book of Changes

   Spells                             Type                      Level
   a - Beastly Appendage              Transmutation                1
   b - Sticks to Snakes               Transmutation                2
   c - Spider Form                    Transmutation/Poison         3
   d - Ice Form                       Ice/Transmutation            4
   e - Blade Hands                    Transmutation                5
Comestibles
 d - 7 fruits
 f - 2 meat rations
 z - a royal jelly


   Skills:
 + Level 5.6 Fighting
 * Level 6.4 Long Blades
 - Level 1.7 Armour
 * Level 5.1 Dodging
 + Level 6.9 Invocations


You had 7 spell levels left.
You didn't know any spells.

Dungeon Overview and Level Annotations

Branches:
Dungeon (7/15)             Temple (1/1) D:4

Altars:
Ashenzari
Cheibriados
Dithmenos
Fedhas
Gozag
Hepliaklqana
Kikubaaqudgha
Makhleb
Nemelex Xobeh
Okawaru
Qazlal
Ru
Sif Muna
Trog
Uskayaw
Vehumet
Xom
Zin
The Shining One

Shops:
D:5 *(:**

Annotations:
D:6 Pikel
Abyss:1 Duvessa; Prince Ribbit


Innate Abilities, Weirdness & Mutations

You have large cloven feet.
A weak demonic guardian rushes to your aid.
You sometimes gain power by taking damage.


Message History

Pikel is moderately wounded.
Pikel hits you with a whip of electrocution.
You barely miss Pikel.
Pikel is moderately wounded.
Pikel hits you but does no damage. Pikel closely misses you.
You miss Pikel.
Pikel is moderately wounded.
Pikel hits you with a whip of electrocution.
You barely miss Pikel.
Pikel is moderately wounded.
Pikel hits you with a whip of electrocution.
* * * LOW HITPOINT WARNING * * *
You slash Pikel!
Pikel is severely wounded.
Pikel hits you with a whip of electrocution.
* * * LOW HITPOINT WARNING * * *
Pikel hits you with a whip of electrocution!
* * * LOW HITPOINT WARNING * * *
You are electrocuted!
You die...

##.................#....##.....##
####...........#.###....####.####
####.......###.#.##..............
...........# #...##.......#......
..)........# ##..##.......#......
####.......# #..##########......
.# #.......# #ppp...# #.#..## .#
#######.# ##K###.# #....# .# #.#
#@# #.# ####.# .# #.# #5# #.# #.#
.# #.# #.# #.# #.# (# #.# #.# #.#
#.# .# #.# #.# #.# #.# .# #.#
###.# #.# #.# .# #.# #...# #.#
###.# .# #.# #.#####.# #...# .#
#.# #.......# #.#.#


You could see Pikel, 3 slaves and a friendly white imp.

Vanquished Creatures
  Grinder (D:5)
  A hungry ghost (D:7)
  A scorpion (D:3)
  A water moccasin skeleton (D:4)
  A crimson imp (D:6)
  A centaur zombie (D:6)
  3 orc priests
  3 bullfrog skeletons
  3 worker ants
  An iguana (D:6)
  2 orc wizards
  A hound skeleton (D:5)
  2 howler monkey zombies (D:6)
  11 adders
  4 gnolls (D:6)
  3 oozes
  An adder skeleton (D:4)
  3 worms (D:3)
  A leopard gecko (D:1)
  15 orcs
  4 bats
  3 giant cockroaches
  11 goblins
  8 hobgoblins
  5 jackals
  2 quokkas
  A ball python (D:3)
  6 frilled lizards
  A giant cockroach zombie (D:5)
  5 kobolds
  5 rats
110 creatures vanquished.

Vanquished Creatures (collateral kills)
  The ghost of Ijustatesigmund the Cudgeler, a novice OpFi (D:6)
  Sigmund (D:4)
  A bullfrog (D:6)
  Dowan (D:5)
  A quasit (D:6)
  2 hounds
  2 worker ants (D:5)
  An adder skeleton (D:4)
  A quokka skeleton (D:4)
11 creatures vanquished.

Grand Total: 121 creatures vanquished

Notes
Turn   | Place    | Note
-------+----------+-------------------------------------------
     0 | Abyss:1  | vatarom the Demonspawn Abyssal Knight began the quest for the Orb.
     0 | Abyss:1  | Reached XP level 1. HP: 18/18 MP: 2/2
    10 | D:1      | Escaped the Abyss
    57 | D:1      | Reached skill level 1 in Dodging
   338 | D:1      | Gained mutation: You sometimes gain a little power by taking damage. [demonic ancestry]
   338 | D:1      | Reached XP level 2. HP: 15/24 MP: 2/4
  1326 | D:2      | Reached XP level 3. HP: 29/29 MP: 5/5
  1614 | D:2      | Found a faded altar of an unknown god.
  2140 | D:3      | Found an iron altar of Okawaru.
  2179 | D:3      | Reached ** piety under Lugonu
  2521 | D:3      | Noticed a scorpion
  2535 | D:3      | Killed a scorpion
  2535 | D:3      | Gained mutation: A weak demonic guardian rushes to your aid. [demonic ancestry]
  2535 | D:3      | Reached XP level 4. HP: 34/35 MP: 6/6
  2784 | D:3      | Gained mutation: You sometimes gain power by taking damage. [demonic ancestry]
  2784 | D:3      | Reached XP level 5. HP: 41/41 MP: 8/8
  2840 | D:3      | Found a shadowy altar of Dithmenos.
  3210 | D:4      | Noticed Sigmund
  3478 | D:4      | Killed Sigmund
  3478 | D:4      | Gained mutation: You have large cloven feet. [demonic ancestry]
  3478 | D:4      | Reached XP level 6. HP: 20/48 MP: 9/9
  3530 | D:4      | Found a bloodstained altar of Trog.
  3653 | D:4      | Found a staircase to the Ecumenical Temple.
  3686 | Temple   | Entered the Ecumenical Temple
  3910 | D:4      | Reached *** piety under Lugonu
  3915 | D:4      | Found a blossoming altar of Fedhas.
  4218 | D:4      | Reached skill level 5 in Invocations
  4349 | D:4      | Found a stormy altar of Qazlal.
  4390 | D:5      | Entered Level 5 of the Dungeon
  4411 | D:5      | Found Osuthecubb's General Store.
  4427 | D:5      | Bought a potion of lignification for 39 gold pieces
  4431 | D:5      | Found Ilagg's Book Shoppe.
  4458 | D:5      | Found Plog's Assorted Antiques.
  4491 | D:5      | Reached XP level 7. HP: 25/54 MP: 10/10
  4577 | D:5      | Found Qytsi's Weapon Boutique.
  4585 | D:5      | You fall through a shaft for 2 floors!
  4729 | D:6      | Noticed Prince Ribbit
  4731 | D:6      | Banished Prince Ribbit
  4731 | D:6      | Reached skill level 5 in Long Blades
  5478 | D:6      | Found a snail-covered altar of Cheibriados.
  5686 | D:6      | Noticed Ijustatesigmund's ghost (novice OpFi)
  5738 | D:5      | Found Bailuthru's Assorted Antiques.
  5830 | D:5      | Noticed Dowan
  5831 | D:5      | Noticed Duvessa
  5837 | D:5      | Banished Duvessa
  5837 | D:5      | Reached XP level 8. HP: 61/61 MP: 12/12
  5842 | D:5      | Killed Dowan
  5842 | D:5      | Reached skill level 5 in Fighting
  5926 | D:5      | Got a brightly glowing chain mail
  5927 | D:5      | Identified the cursed +0 chain mail of Existentialism {rC+ Regen+} (You found it on level 5 of the Dungeon)
  5932 | D:5      | Noticed Grinder
  5953 | D:5      | Killed Grinder
  6587 | D:6      | Killed Ijustatesigmund's ghost
  6635 | D:6      | Got a steaming ring mail
  6636 | D:6      | Identified the +2 ring mail of Masochism {rF+++ rC+++ Str-3 Int-3} (You found it on level 6 of the Dungeon)
  6839 | D:7      | Noticed Pikel
  6841 | D:7      | Reached skill level 5 in Dodging
  6856 | D:6      | Slain by Pikel

Skill      XL: |  1  2  3  4  5  6  7  8 |
---------------+-------------------------+-----
Dodging        | 1 2 3 5 |  5.1
Invocations    | 3 4 5 6 |  6.9
Long Blades    | 2 3 4 5 6 |  6.4
Fighting       | 4 5 |  5.6
Armour         | |  1.7

Action                   |  1- 3 |  4- 6 |  7- 9 || total
-------------------------+-------+-------+-------++-------
Melee: Falchion          |    80 |       |       ||    80
       Great sword       |    34 |   116 |   138 ||   288
       Kick              |       |    12 |    12 ||    24
Invok: Banish            |       |       |     2 ||     2
  Use: Scroll            |     9 |     2 |     7 ||    18
       Potion            |     9 |       |     2 ||    11
 Stab: Sleeping          |       |     1 |     3 ||     4
       Distracted        |       |       |     2 ||     2
  Eat: Chunk             |     4 |     2 |     6 ||    12
       Fruit             |     1 |       |       ||     1
       Bread ration      |       |     1 |     2 ||     3
Armor: Leather armour    |    40 |    34 |    35 ||   109
       Skin              |     4 |       |     5 ||     9
       Ring mail         |       |       |    13 ||    13
Dodge: Dodged            |    93 |    96 |   118 ||   307
       Rpst.: Falchion   |    19 |       |       ||    19
       Great sword       |    14 |    28 |    35 ||    77
